 Dungeon Crawl Stone Soup version 0.26-a0-652-gafc20e3620 (webtiles) character file.

Game seed: 14157198803686012993

33 ringo67 the Insei (level 3, 0/24 HPs)
             Began as an Octopode Transmuter on Oct 3, 2020.
             Slain by a jackal (1 damage)
             ... on level 2 of the Dungeon.
             The game lasted 00:03:01 (948 turns).

ringo67 the Insei (Octopode Transmuter)              Turns: 948, Time: 00:03:02

Health: 0/24       AC:  1    Str: 10    XL:     3   Next: 29%
Magic:  6/6        EV: 13    Int: 15    God:
Gold:   117        SH:  0    Dex: 12    Spells: 5/6 levels left

rFire    . . .     SeeInvis .     - Unarmed
rCold    . . .     Faith    .   (no shield)
rNeg     . . .     Spirit   .   (helmet currently unavailable)
rPois    .         Reflect  .   (no amulet)
rElec    .         Harm     .   (no ring)
rCorr    .         Rampage  .   (no ring)
MR       .....                  (no ring)
Stlth    ++........             (no ring)
HPRegen  0.08/turn              (no ring)
MPRegen  0.10/turn              (no ring)
                                (no ring)
                                (no ring)

@: brilliant, lethally poisoned (0 -> -8), appendages (expiring)
A: almost no armour, stealthy swim, amphibious, 8 rings, constrict 8, tentacle
spike 3, camouflage 1, gelatinous body 1
a: End Transformation


You were on level 2 of the Dungeon.
One of your tentacles had a temporary spike.
You visited 1 branch of the dungeon, and saw 2 of its levels.

You collected 117 gold pieces.

Inventory:

Scrolls
 c - a scroll of remove curse {unknown}
 d - a scroll of magic mapping {unknown}
Potions
 b - a potion of brilliance


   Skills:
 + Level 1.7 Fighting
 - Level 2.0 Dodging
 * Level 3.7 Unarmed Combat
 - Level 2.0 Spellcasting
 + Level 2.4 Transmutations


You had 5 spell levels left.
You knew the following spells:

 Your Spells              Type           Power        Failure   Level
a - Beastly Appendage     Tmut           ##....       9%          1

Your spell library contained the following spells:

 Spells                   Type           Power        Failure   Level
 Wereblood                Tmut           ##......     12%         2
 Spider Form              Tmut/Pois      #.........   38%         3
 Ice Form                 Ice/Tmut       #.......     80%         4
 Blade Hands              Tmut           ##........   92%         5


Dungeon Overview and Level Annotations

Branches:
Dungeon (2/15)

Altars:


Innate Abilities, Weirdness & Mutations

You cannot wear most types of armour.
You are very stealthy in the water. (Stealth+)
You are amphibious.
You can wear up to eight rings at the same time.
You can use your tentacles to constrict eight enemies at once.
Your skin changes colour to match your surroundings (Stealth+).
Your rubbery body absorbs attacks. (AC +1, EV +1)
One of your tentacles bears a large vicious spike.


Message History

The jackal completely misses you.
* * * LOW HITPOINT WARNING * * *
You feel sick. The jackal closely misses you.
Unknown command.
You closely miss the jackal. Your grab misses the jackal.
The jackal is lightly wounded.
* * * LOW HITPOINT WARNING * * *
You feel sick. The jackal closely misses you. The jackal misses you.
You tentacle-slap the jackal. Your grab misses the jackal.
You pierce the jackal.
The jackal is severely wounded.
* * * LOW HITPOINT WARNING * * *
You feel sick. The jackal closely misses you. The jackal barely misses you.
The jackal bites you.
* * * LOW HITPOINT WARNING * * *
You tentacle-slap the jackal but do no damage.
Your grab misses the jackal.
The jackal is severely wounded.
The jackal misses you. The jackal bites you.
You die...

## #.# #.. ..##.#
##.. #.##.# ...
#.##.# #..
######.##.# #..
#.......#.## #..
##.####.....####
#..###...............
#..h@........#...#<##
#..h............##.#
#............##.##.##
####.#..####.##.##...
#.#.## #..#.##..#
#.#.# .....##..#
#.#.. ##....#..#
..... .........# ###
##########


You could see 2 jackals.

Vanquished Creatures
  An adder (D:2)
  A dart slug (D:1)
  5 bats
  A giant cockroach (D:1)
  5 goblins (D:1)
  3 hobgoblins
  A frilled lizard (D:2)
  2 kobolds (D:1)
  3 rats
22 creatures vanquished.

Notes
Turn   | Place    | Note
-------+----------+-------------------------------------------
     0 | D:1      | ringo67 the Octopode Transmuter began the quest for the
                  | Orb.
     0 | D:1      | Reached XP level 1. HP: 13/13 MP: 3/3
   242 | D:1      | Reached XP level 2. HP: 18/18 MP: 5/5
   861 | D:2      | Reached XP level 3. HP: 19/23 MP: 6/6
   939 | D:2      | HP: 1/23 [jackal (1)]
   947 | D:2      | HP: 1/24 [jackal (2)]
   948 | D:2      | Slain by a jackal

Illustrated notes

Levels and vault maps discovered:
D:1:      dpeg_arrival_tiny_j, layout_loops_ring, kennysheep_small_spiral,
          minmay_misc_feat_columns, minmay_bisected
D:2:      minmay_door_path, layout_loops_ring, nicolae_overflow_hidden_temple,
          lemuel_doored_altar

Action                   || total
-------------------------++-------
Melee: Unarmed           ||    61
       Constrict         ||    14
       Tentacles         ||    10
       Kick              ||     4
 Cast: Beastly Appendage ||     3
  Use: Potion            ||     2
 Stab: Sleeping          ||     4
Armor: Skin              ||     8
Dodge: Dodged            ||    60

Table legend: (Time is in decaauts)
 A = Elapsed time spent in this place.
 B = Non-inter-level travel time spent in this place.
 C = Inter-level travel time spent in this place.
 D = Time resting spent in this place.
 E = Time spent auto-exploring this place.
 F = Levels seen in this place.
 G = Mean time per level.
                   A        B        C        D        E       F      G
               +--------+--------+--------+--------+--------+-----+--------+
         Total |    943 |    917 |     26 |    143 |    601 |   2 |  471.5 |
       Dungeon |    943 |    917 |     26 |    143 |    601 |   2 |  471.5 |
               +--------+--------+--------+--------+--------+-----+--------+

Top non-repeatable levels by time:
     D:1: 814 daAuts
     D:2: 129 daAuts
